 Dungeon Crawl Stone Soup version 0.28-a0-1347-g113dc556a4 (webtiles) character file.

Game seed: 7579355102126626903

74 sanka the Cutter (level 4, -1/28 (30) HPs)
             Began as a Demonspawn Enchanter on Dec 29, 2021.
             Slain by an orc priest (2 damage)
             ... on level 2 of the Dungeon.
             The game lasted 00:03:41 (2303 turns).

sanka the Cutter (Demonspawn Enchanter)             Turns: 2303, Time: 00:03:41

HP:   -1/28 (30)    AC:  6    Str:  8    XL:     4   Next: 10%
MP:   1/7           EV: 12    Int: 18    God:
Gold: 59            SH:  0    Dex: 14    Spells: 5/7 levels left

rFire   . . .      SeeInvis .   a - +1 dagger
rCold   . . .      Faith    .   (no shield)
rNeg    . . .      Spirit   .   b - +0 robe
rPois   .          Reflect  .   (no helmet)
rElec   .          Harm     .   (no cloak)
rCorr   .          Rampage  .   (no gloves)
Will    .....                   (no boots)
Stlth   ++........              (no amulet)
HPRegen 0.09/turn               (no ring)
MPRegen 0.10/turn               g - +4 ring of protection

@: very slightly contaminated, drained
A: powered by death 1, demonic touch 1
a: no special abilities


You were on level 2 of the Dungeon.
You visited 1 branch of the dungeon, and saw 3 of its levels.

You collected 59 gold pieces.


Innate Abilities, Weirdness & Mutations

You regenerate a little health from kills.
Your touch may inflict minor irresistible damage on your foes.


   Skills:
 + Level 3.4 Short Blades
 - Level 1.7 Dodging
 + Level 2.8 Stealth
 - Level 2.0 Spellcasting
 + Level 3.1 Hexes


You had 5 spell levels left.
You knew the following spells:

 Your Spells              Type           Power      Damage    Failure   Level
z - Ensorcelled Hibernat  Hex/Ice        14%        N/A       14%         2

Your spell library contained the following spells:

 Spells                   Type           Power      Damage    Failure   Level
 Confusing Touch          Hex            13%        N/A       16%         3
 Tukima's Dance           Hex            13%        N/A       16%         3
 Dazzling Flash           Conj/Hex       14%        N/A       28%         3

Inventory:

Hand Weapons
 a - a +1 dagger (weapon)
Armour
 b - a +0 robe (worn)
Jewellery
 g - a +4 ring of protection (right hand)
Scrolls
 d - 2 scrolls of identify {unknown}
 h - 2 scrolls of noise {unknown}
 i - a scroll of enchant armour {unknown}
Potions
 c - a potion of invisibility
 e - a potion of attraction {unknown}
 f - a potion of ambrosia {unknown}
 j - a potion of haste {unknown}

Dungeon Overview and Level Annotations

Branches:
Dungeon (3/15)

Altars:

.▒▒ ▒.▒▒..............▒ .▒
▒.▒▒....▒▒▒▒▒†▒▒▒.▒ .▒
▒.▒▒▒▒▒.......▒▒▒.▒▒▒▒ .▒ ▒.▒▒
▒▒▒▒▒▒▒▒▒......▒▒ .▒
▒▒▒▒▒..▒▒▒▒▒▒▒▒▒▒▒▒..†....▒
.▒▒▒▒▒...▒............▒▒.▒.▒▒..▒
.........▒..▒▒▒▒......▒▒.▒..▒..▒
............▒.........▒▒.▒▒.▒..▒
..............▒▒6o....▒▒.▒▒.▒..▒
.▒▒▒........▒▒▒▒......▒▒.......▒
.▒▒▒▒▒...▒.▒▒▒▒▒.▒▒▒▒▒▒▒▒▒..▒▒▒▒
.....▒...▒.......▒ ▒....▒
.▒▒▒.▒▒▒▒▒.▒▒▒▒▒▒▒ ▒▒..▒▒ ..▒▒(▒
▒.▒ ▒.▒▒ ▒.▒▒.▒ ▒.▒ ▒▒▒ ▒.▒
▒.▒▒.▒▒▒▒▒.▒ ▒▒.▒▒ ▒.▒
........▒▒.▒▒▒▒▒▒▒▒...▒▒▒▒.▒


You could see an orc priest.


Message History

The orc priest resists with some effort.
The orc priest looks braver for a moment.
The orc priest resists with some effort.
The orc priest closely misses you.
You miscast Ensorcelled Hibernation.
You are very lightly contaminated with residual magic.
Nothing appears to happen.
The orc priest miscasts a cantrip.
You closely miss the orc priest.
The orc priest hits you but does no damage.
You hit the orc priest.
The orc priest is lightly wounded.
The orc priest hits you with a +0 hand axe.
You barely miss the orc priest.
The orc priest is lightly wounded.
You hit the orc priest but do no damage.
You touch the orc priest.
The orc priest is moderately wounded.
The orc priest closely misses you.
You closely miss the orc priest.
You touch the orc priest.
The orc priest is severely wounded.
The orc priest mumbles some strange prayers to Beogh against you.
Beogh smites you!
Ouch! That really hurt!
* * * LOW HITPOINT WARNING * * *
You hit the orc priest.
The orc priest is almost dead.
The orc priest hits you with a +0 hand axe.
You die...

Action                   |  1- 3 |  4- 6 || total
-------------------------+-------+-------++-------
Melee: Dagger            |   116 |    15 ||   131
       Touch             |    12 |     2 ||    14
 Cast: Ensorcelled Hiber |     2 |     5 ||     7
 Stab: Sleeping          |    11 |     3 ||    14
Armor: Robe              |    17 |     3 ||    20
Dodge: Dodged            |    58 |     4 ||    62

Levels and vault maps discovered:
D:1:      psy_arrival_basics, layout_loops_ring,
          shapermc_ecumenical_altar_ellora
D:2:      layout_loops_cross
D:3:      layout_loops_cross, serial_shops, nicolae_shop_crystal

Notes
Turn   | Place    | Note
-------+----------+-------------------------------------------
     0 | D:1      | sanka the Demonspawn Enchanter began the quest for the Orb.
     0 | D:1      | Reached XP level 1. HP: 13/13 MP: 3/3
    89 | D:1      | Reached skill level 1 in Short Blades
   305 | D:1      | Gained mutation: Your touch may inflict minor irresistible
                  | damage on your foes. [demonic ancestry]
   305 | D:1      | Reached XP level 2. HP: 19/19 MP: 5/5
   463 | D:1      | Learned a level 2 spell: Ensorcelled Hibernation
   487 | D:1      | Reached skill level 2 in Short Blades
   917 | D:1      | Found a faded altar of an unknown god.
  1142 | D:2      | Gained mutation: You regenerate a little health from kills.
                  | [demonic ancestry]
  1142 | D:2      | Reached XP level 3. HP: 19/24 MP: 1/6
  1354 | D:2      | Reached skill level 3 in Short Blades
  1858 | D:3      | Reached XP level 4. HP: 29/30 MP: 4/7
  1968 | D:3      | HP: 2/28 [orc priest/divine providence (10)]
  2302 | D:2      | HP: 1/28 [orc priest/divine providence (15)]
  2303 | D:2      | Slain by an orc priest

Vanquished Creatures
  3 adders
  A dart slug (D:1)
  2 orcs (D:3)
  6 endoplasms
  2 giant cockroaches (D:2)
  3 goblins
  2 hobgoblins (D:2)
  A quokka (D:1)
  8 ball pythons
  2 bats (D:1)
  2 frilled lizards (D:1)
  4 kobolds
  6 rats
42 creatures vanquished.

Vanquished Creatures (others)
  A fungus (D:1)
1 creature vanquished.

Grand Total: 43 creatures vanquished
